 Dungeon Crawl Stone Soup version 0.31-a0-360-gb3e1d13bf4 (webtiles) character file.

Game seed: 10661407704237331825

29 LeprechaunX the Ruffian (level 3, 0/23 HPs)
             Began as an Octopode Shapeshifter on July 26, 2023.
             Killed from afar by a dart slug (4 damage)
             ... with a slug dart
             ... on level 1 of the Dungeon.
             The game lasted 00:00:35 (536 turns).

LeprechaunX the Ruffian (Octopode Shapeshifter)      Turns: 536, Time: 00:00:36

Health: 0/23       AC:  1    Str: 16    XL:     3   Next: 16%
Magic:  3/3        EV: 13    Int: 10    God:
Gold:   19         SH:  0    Dex: 12    Spells: 2/2 levels left

rFire   . .          .
                       - Unarmed
rCold   . . .        (no shield)
rNeg    . . .        (helmet currently unavailable)
rPois   .            (no amulet)
rElec   .            (no ring)
rCorr   .            (no ring)
SInv    .            (no ring)
Will    .....        (no ring)
Stlth   ++           (no ring)
HPRegen 0.23/turn    (no ring)
MPRegen 0.08/turn    (no ring)
                     (no ring)

%: no passive effects
@: beast-form
A: beast (slay +2), almost no armour, amphibious, 8 rings, camouflage 1,
gelatinous body 1, (nimble swimmer 1), tentacles
a: Begin Untransformation


You were on level 1 of the Dungeon.
You were a hulking beast.
You visited 1 branch of the dungeon, and saw 1 of its levels.

You collected 19 gold pieces.

Inventory:

Jewellery
 d - a ring of resist corrosion
 e - a ring of see invisible
Talismans
 b - a beast talisman
Scrolls
 g - a scroll of revelation {unknown}
 h - 2 scrolls of identify {unknown}
Potions
 a - a potion of lignification
 c - a potion of invisibility {unknown}
 f - 2 potions of haste {unknown}
 i - 2 potions of curing {unknown}


   Skills:
 + Level 1.5 Fighting
 + Level 2.3 Dodging
 * Level 3.5 Unarmed Combat
 + Level 3.1 Shapeshifting


You had 2 spell levels left.
You didn't know any spells.
Your spell library was empty.

Dungeon Overview and Level Annotations

Branches:
Dungeon (1/15)

Altars:


Innate Abilities, Weirdness & Mutations

You are a hulking beast.
Your limbs bulge with bestial killing power. (Slay +2)
You cannot wear most types of armour.
You are amphibious.
You can wear up to eight rings at the same time.
Your skin changes colour to match your surroundings (Stealth+).
Your rubbery body absorbs attacks. (AC +1, EV +1)
((You are camouflaged when in or above water. (Stealth+)))
You have tentacles for arms and can constrict up to eight enemies at once.


Message History

You feel stronger. x2
You tentacle-slap the jackal but do no damage.
You grab the jackal. You squeeze the jackal.
You kill the jackal!
The bat hits you.
* * * LOW HITPOINT WARNING * * *
You swing at nothing.
You closely miss the kobold. Your grab misses the kobold.
The kobold is severely wounded.
The kobold hits you with a +0 dagger.
* * * LOW HITPOINT WARNING * * *
You barely miss the kobold. Your grab misses the kobold.
The kobold is severely wounded.
The kobold barely misses you.
You tentacle-slap the kobold but do no damage.
Your grab misses the kobold. Your squeeze misses the kobold.
The kobold is severely wounded.
The kobold barely misses you.
You barely miss the kobold. Your grab misses the kobold.
The kobold is severely wounded.
The kobold hits you with a +0 dagger.
* * * LOW HITPOINT WARNING * * *
You tentacle-slap the kobold.
You kill the kobold!
The bat barely misses you. The bat hits you.
* * * LOW HITPOINT WARNING * * *
Unknown command.
You barely miss the bat. You grab the bat. You constrict the bat.
The bat hits you but does no damage.
You bludgeon the bat!
You kill the bat!
You tentacle-slap the quokka. You grab the quokka.
The quokka is severely wounded.
You constrict the quokka.
You kill the quokka!
You tentacle-slap the rat.
You kill the rat!
The dart slug launches a dart at you. The slug dart hits you.
You die...

#...# #.........#
###...#######.......#
................$.†.##...
.........................
..................#.##...
###...#######....##.#
#...# #....w..# #...#
####)#### #...# #h#
##...### ####.#######
#.÷....### #...........
##........# #..########.
#..#.##...###''#####
......#..8.......~~##
........#.~~~~~~..~~#
##..###.#~~~...~~..~#
........#~~..~..~~.~#


You could see a dart slug.

Vanquished Creatures
  A dart slug (D:1)
  An endoplasm (D:1)
  2 hobgoblins (D:1)
  6 jackals (D:1)
  4 quokkas (D:1)
  3 bats (D:1)
  A frilled lizard (D:1)
  2 kobolds (D:1)
  5 rats (D:1)
25 creatures vanquished.

Notes
Turn   | Place    | Note
-------+----------+-------------------------------------------
     0 | D:1      | LeprechaunX the Octopode Shapeshifter began the quest for
                  | the Orb.
     0 | D:1      | Reached XP level 1. HP: 13/13 MP: 1/1
   148 | D:1      | Reached XP level 2. HP: 18/18 MP: 2/2
   526 | D:1      | Reached XP level 3. HP: 7/23 MP: 3/3
   536 | D:1      | Killed from afar by a dart slug

Illustrated notes

Levels and vault maps discovered:
D:1:      psy_arrival_whirlpool, layout_loops_cross, st_stairs_14

Action                     || total
---------------------------++-------
  Melee: Unarmed           ||    46
         Constrict         ||    12
         Tentacles         ||     7
         Punch             ||     1
   Stab: Sleeping          ||     5
 Armour: Skin              ||     4
  Dodge: Dodged            ||    28

Table legend: (Time is in decaauts)
 A = Elapsed time spent in this place.
 B = Non-inter-level travel time spent in this place.
 C = Inter-level travel time spent in this place.
 D = Time resting spent in this place.
 E = Time spent auto-exploring this place.
 F = Levels seen in this place.
 G = Mean time per level.
                   A        B        C        D        E       F      G
               +--------+--------+--------+--------+--------+-----+--------+
         Total |    532 |    532 |      0 |      0 |    421 |   1 |  532.0 |
       Dungeon |    532 |    532 |      0 |      0 |    421 |   1 |  532.0 |
               +--------+--------+--------+--------+--------+-----+--------+

Top non-repeatable levels by time:
     D:1: 532 daAuts
